Map: Apotheosis LE

Players

llllllllllll - Winner!

  • Race: Zerg Zerg
  • League: Grandmaster

Mark

  • Race: Zerg Zerg
  • League: Master

VOD

Have the link to the VOD?

Description

ling bane counter for the win :D

Time

  • Played on: Aug. 31, 2016, 6:35 a.m.
  • Length: 5:49
Show
View Real Time Build Order
Export as new Build Order

llllllllllll Zerg - Winner!

Build Orders: Hatch First, Zergling Baneling 

Get SALT Encoding   

  12  0:00  Drone  
  13  0:12  Overlord  
  13  0:17  Drone  
  14  0:32  Drone x2  
  14  0:34  Drone  
  17  0:53  Hatchery  
  17  0:55  Drone  
  17  0:58  Drone  
  18  1:09  Extractor  
  17  1:12  Spawning Pool  
  17  1:15  Drone  
  17  1:19  Drone  
  18  1:28  Drone  
  19  1:38  Overlord  
  19  1:49  Drone  
  20  1:59  Queen  
  20  2:00  Zergling x2  
  23  2:05  Queen, Zergling x2  
  26  2:08  Metabolic Boost  
  26  2:14  Drone  
  27  2:16  Drone  
  27  2:21  Drone  
  29  2:27  Drone  
  30  2:30  Baneling Nest  
  30  2:36  Drone  
  30  2:39  Drone  
  30  2:42  Evolution Chamber  
  30  2:51  Zergling x4  
  31  2:57  Spore Crawler  
  30  3:00  Drone x2  
  33  3:07  Spine Crawler  
  33  3:09  Zergling x8  
  36  3:16  Baneling x2  
  36  3:18  Overlord  
  35  3:20  Overlord  
  35  3:24  Zergling x2  
  35  3:26  Spine Crawler  
  34  3:34  Baneling x5  
  34  3:40  Zergling x2  
  35  3:53  Zergling x2  
  34  3:56  Zergling x12  
  34  3:57  Zergling x2  
  41  4:07  Zergling x2  
  41  4:08  Zergling x4  
  40  4:13  Baneling x3  
  40  4:20  Zergling x6  
  43  4:30  Baneling x3  
  43  4:34  Zergling x2  
  43  4:37  Zergling x2  
  45  4:40  Zergling x6  
  40  4:47  Baneling  
  40  4:48  Zergling x4  
  42  4:55  Zergling x6  
  41  5:05  Zergling x2  
  41  5:06  Zergling x4  
  44  5:10  Drone x3  
  44  5:14  Baneling x3  
  47  5:17  Zergling x6  
  47  5:18  Drone  
  49  5:32  Zergling x2  
Show
View Real Time Build Order
Export as new Build Order

Mark Zerg 

Build Orders: Pool First, Zergling Baneling 

Get SALT Encoding   

  12  0:01  Drone  
  13  0:13  Overlord  
  13  0:18  Drone  
  14  0:31  Drone x2  
  14  0:35  Drone  
  17  0:39  Extractor  
  16  0:47  Drone  
  17  0:52  Spawning Pool  
  17  0:56  Drone  
  17  1:17  Hatchery  
  16  1:21  Drone  
  17  1:38  Queen  
  19  1:41  Metabolic Boost  
  19  1:45  Zergling x2  
  20  1:48  Zergling x2  
  21  1:56  Overlord  
  21  2:00  Drone  
  22  2:14  Drone, Baneling Nest  
  22  2:22  Queen  
  22  2:28  Drone  
  25  2:33  Zergling x2  
  25  2:34  Zergling x2  
  27  2:39  Zergling x2  
  27  2:43  Zergling x2  
  29  2:53  Zergling x4  
  29  2:54  Zergling x2  
  29  2:56  Zergling x2  
  33  3:00  Zergling x2  
  33  3:05  Zergling x2  
  33  3:09  Zergling x2  
  34  3:17  Zergling x2  
  35  3:23  Baneling  
  35  3:24  Overlord  
  35  3:27  Overlord  
  35  3:41  Baneling x2  
  35  3:43  Baneling x4  
  35  3:45  Zergling x4  
  35  3:48  Zergling x2  
  38  3:51  Zergling x2  
  38  3:53  Zergling x2  
  37  3:59  Zergling x2  
  37  4:01  Zergling x2  
  37  4:05  Zergling x2  
  31  4:10  Drone  
  31  4:12  Drone  
  31  4:14  Drone  
  34  4:19  Drone  
  34  4:21  Drone  
  34  4:23  Baneling  
  36  4:29  Drone  
  36  4:33  Drone x2  
  36  4:36  Drone  
  38  4:40  Drone  
  38  4:41  Drone  
  38  4:45  Drone  
  39  4:47  Drone  
  39  4:48  Zergling x2  
  33  5:00  Zergling x4  
  33  5:02  Drone x2  
  35  5:07  Zergling x4  
  37  5:21  Zergling x4  
  41  5:26  Zergling x2  
  41  5:27  Zergling x2  
Tags
 
Add a new tag
Caveats
  • Supply blocks, unpowered buildings, or Contaminate may cause inaccurate times.
  • Supply counts are checked every 10 seconds.